Match 42603694
Unlisted

Match 42603694
End
Construct Barracks
Riflemen Squad
Riflemen Squad
Riflemen Squad
Riflemen Squad
Construct Medical Station
Riflemen Squad
Riflemen Squad
Infantry Support Center
M1918 Browning Automatic Rifles
Construct Tank Depot
Selects Armored Battlegroup
Selects Fast Deploy
Selects Seek and Destroy
Selects UNKNOWN (2160077)
Selects Veteran Crews
M4A3E8 Sherman Easy Eight
Grenade Package
M4A3E8 Sherman Easy Eight
Selects Field Repairs
Selects War Machine
Field Repairs
Field Repairs
M4A3E8 Sherman Easy Eight
GoLdenCoBRaaa
Porygon
Mark29
tompkins
0
0

Comments sign in to comment!

No comments posted yet!